 Dungeon Crawl Stone Soup version 0.24-a0-693-g39a19ac0f1 (webtiles) character file.

Game seed: 11499782077253223219, levelgen mode: deterministic

12545 AntidotE the Basher (level 12, -4/89 HPs)
             Began as a Formicid Fighter on Sept 28, 2019.
             Was an Initiate of Gozag.
             Slain by an orc knight
             ... wielding a +0 battleaxe
              (13 damage)
             ... on level 9 of the Dungeon.
             The game lasted 01:27:33 (14951 turns).

AntidotE the Basher (Formicid Fighter)             Turns: 14951, Time: 01:27:33

Health: -4/89      AC: 14    Str: 24    XL:     12   Next: 21%
Magic:  12/12      EV:  8    Int: 10    God:    Gozag
Gold:   2225       SH: 15    Dex: 12    Spells: 11/11 levels left

rFire    . . .     SeeInvis +   B - +6 dire flail (crush)
rCold    . . .     Gourm    .   F - +2 shield
rNeg     . . .     Faith    .   t - +0 plate armour
rPois    .         Spirit   .   (helmet unavailable)
rElec    .         Reflect  .   Q - scarf {repulsion}
rCorr    .         Harm     .   w - +0 pair of gloves
MR       +....                  (no boots)
Stlth    ..........             (no amulet)
HPRegen  0.24/turn              M - ring of stealth
MPRegen  0.13/turn              c - +2 ring of dexterity

@: gold aura, repel missiles
A: permanent stasis, dig shafts and tunnels, four strong arms, antennae 3
a: Dig, Shaft Self, Potion Petition, Call Merchant, Bribe Branch, Renounce
Religion


You were on level 9 of the Dungeon.
You worshipped Gozag.
Gozag was most pleased with you.
You were not hungry.

You visited 3 branches of the dungeon, and saw 14 of its levels.
You also visited: Sewer.

You collected 2290 gold pieces.
You paid 65 gold pieces to Gozag.

Inventory:

Hand Weapons
 a - a +1 trident
 B - a +6 dire flail of crushing (weapon)
Missiles
 j - 4 curare-tipped darts
 y - 20 poisoned darts (quivered)
 E - 4 boomerangs
Armour
 p - a +0 buckler
 t - a +0 plate armour (worn)
 w - a +0 pair of gloves (worn)
 F - a +2 shield (worn)
 Q - a scarf of repulsion (worn)
Jewellery
 c - a +2 ring of dexterity (right hand)
 i - an uncursed ring of protection from cold
 C - an uncursed ring of magical power
 L - an uncursed ring of protection from cold
 M - a ring of stealth (left hand)
Wands
 z - a wand of iceblast (13)
 A - a wand of digging (4)
 G - a wand of flame (9)
 K - a wand of acid (8)
 N - a wand of scattershot (6)
 O - a wand of paralysis (9)
Scrolls
 g - 4 scrolls of amnesia
 k - 6 scrolls of remove curse
 n - a scroll of enchant weapon
 q - a scroll of magic mapping
 r - 4 scrolls of enchant armour
 u - 2 scrolls of identify
 H - 4 scrolls of fear
Potions
 b - a potion of lignification {unknown}
 d - a potion of might
 e - 5 potions of flight
 h - 2 potions of curing
 l - 4 potions of agility
 m - 7 potions of heal wounds
 o - a potion of brilliance {unknown}
 s - 2 potions of mutation
 v - a potion of resistance {unknown}
 x - a potion of experience {unknown}
 D - a potion of invisibility
 I - a potion of degeneration {unknown}
 J - a potion of berserk rage {unknown}
Miscellaneous
 P - a phantom mirror
Comestibles
 f - 14 rations


   Skills:
 + Level 6.8 Fighting
 * Level 11.9 Maces & Flails
 + Level 6.4 Polearms
 + Level 7.5 Armour
 + Level 2.1 Dodging
 + Level 2.9 Stealth
 * Level 11.7 Shields


You had 11 spell levels left.
You didn't know any spells.
Your spell library contained the following spells:

 Spells                   Type           Power        Failure   Level  Hunger
 Magic Dart               Conj           #...         99%         1    ##.....
 Searing Ray              Conj           #.....       100%        2    ###....
 Dazzling Spray           Conj/Hex       #.....       100%        3    ####...
 Force Lance              Conj/Tloc      #.......     100%        4    #####..
 Fulminant Prism          Conj/Hex       #.........   100%        4    #####..
 Iskenderun's Mystic Bla  Conj           #.......     100%        4    #####..


Dungeon Overview and Level Annotations

Branches:
Dungeon (12/15)            Temple (1/1) D:4            Lair (0/6) D:9
    Orc (1/2) D:9           Sewer (visited)

Altars:
Ashenzari
Cheibriados
Dithmenos
Elyvilon
Fedhas
Gozag
Hepliaklqana
Kikubaaqudgha
Makhleb
Nemelex Xobeh
Okawaru
Qazlal
Ru
Sif Muna
Trog
Uskayaw
Vehumet
Wu Jian
Xom
Yredelemnul
Zin
The Shining One

Shops:
D:10 :

Annotations:
D:11 4uma, exclusion: downstairs


Innate Abilities, Weirdness & Mutations

You cannot be hasted, slowed, berserked, paralysed or teleported.
You can dig through walls and to a lower floor.
Your four strong arms can wield two-handed weapons with a shield.
You have a pair of large antennae on your head. (SInv)


Message History

The orc knight is heavily wounded.
The orc knight hits you with a +0 battleaxe!!
You closely miss the orc knight.
The orc knight is heavily wounded.
You sock the orc knight!
The orc knight is severely wounded.
The orc knight hits you with a +0 battleaxe!!
You hit the orc knight.
The orc knight is severely wounded.
You hit the orc knight but do no damage.
The orc knight is severely wounded.
The orc knight hits you with a +0 battleaxe!!
* * * LOW HITPOINT WARNING * * *
You impale the orc knight!!
The orc knight is almost dead.
Your plate armour prevents you from hitting the orc knight.
The orc knight is almost dead.
The orc knight hits you with a +0 battleaxe!
You die...
Your body crumbles into a pile of gold.

..#.#....##.###.........##....#.#
###.#....##.........#.####.####.#
#.#.#..######.......##.#)......
###.#.#..# ###.#'#..####...###.#
(...#.#..# #...#.#.####....#....
....#.#..# #...#.#####.....#.#.#
....#.#..# #.######........#.#.#
....#....####.#.[[#8.......[#.#.#
....#.........#.@)[.........#...#
....##..#######..o#8..........#<.
........#.....#######.......#.###
...####'#..........###......#....
....................##.....######
.....................##.#.......)
....................[.###...#####
.......................##...#####
#######'#+###...........##..#....


You could see an orc knight.

Vanquished Creatures
  Fannar (D:10)
  A hydra (D:11)
  2 two-headed ogres
  Pikel (D:4)
  A komodo dragon (D:9)
  A queen bee (D:8)
  A troll (D:8)
  2 polar bears (D:11)
  Grinder (D:5)
  A hornet (D:9)
  3 hippogriffs
  A water elemental (D:11)
  2 centaur simulacra (D:11)
  A wraith (D:11)
  8 yaks (D:10)
  Edmund (D:5)
  A black bear (D:9)
  A water moccasin (D:9)
  2 slaves (D:5)
  An eye of draining (D:8)
  3 ice beasts (D:11)
  A phantom (D:8)
  6 orc warriors
  2 sky beasts
  8 ogres
  2 centaurs
  A wolf (D:11)
  A crocodile (D:8)
  3 big kobolds
  5 bullfrogs
  3 scorpions
  21 killer bees
  An electric eel (D:11)
  8 crimson imps
  A quasit (D:6)
  2 bullfrog zombies
  4 hounds
  Crazy Yiuf (D:6)
  2 jellies
  6 orc wizards
  3 orc priests
  7 worker ants
  4 iguanas
  A killer bee zombie (D:7)
  A hound zombie (D:5)
  A hound skeleton (D:6)
  5 worker ant zombies
  A howler monkey skeleton (D:6)
  2 gnolls (D:9)
  13 adders
  4 river rats (Sewer)
  A shadow imp (D:5)
  2 white imps (D:11)
  A worker ant simulacrum (D:11)
  2 ufetubi (D:11)
  An adder skeleton (D:6)
  5 worms
  5 dart slugs
  9 leopard geckos
  42 orcs
  10 ball pythons
  11 bats
  4 giant cockroaches
  8 goblins
  8 hobgoblins
  5 quokkas
  3 frilled lizards (D:2)
  2 goblin zombies (D:8)
  2 hobgoblin zombies (D:8)
  24 kobolds
  A leopard gecko zombie (D:5)
  An orc skeleton (D:8)
  An orc zombie (D:8)
  2 quokka skeletons
  A quokka zombie (D:7)
  23 rats
  2 plants (D:9)
332 creatures vanquished.

Vanquished Creatures (others)
  A hound (D:11)
  An orc (Orc:1)
  A kobold (D:8)
  A plant (D:9)
4 creatures vanquished.

Grand Total: 336 creatures vanquished

Notes
Turn   | Place    | Note
-------+----------+-------------------------------------------
     0 | D:1      | AntidotE the Formicid Fighter began the quest for the Orb.
     0 | D:1      | Reached XP level 1. HP: 18/18 MP: 1/1
   153 | D:1      | Reached XP level 2. HP: 23/24 MP: 2/2
   460 | D:1      | Reached XP level 3. HP: 25/29 MP: 3/3
  1281 | D:3      | Found a glowing silver altar of Zin.
  1327 | D:3      | Found a white marble altar of Elyvilon.
  1373 | D:3      | Reached XP level 4. HP: 9/35 MP: 4/4
  1569 | D:3      | Found a glowing drain.
  1795 | Sewer    | Entered a sewer
  2298 | Sewer    | Reached XP level 5. HP: 41/41 MP: 5/5
  2570 | Sewer    | Noticed a big kobold
  2612 | Sewer    | Killed a big kobold
  2612 | Sewer    | Reached skill level 1 in Dodging
  2612 | Sewer    | Reached skill level 5 in Shields
  2612 | Sewer    | Reached XP level 6. HP: 35/48 MP: 6/6
  4585 | D:5      | Entered Level 5 of the Dungeon
  4642 | D:4      | Reached XP level 7. HP: 54/54 MP: 7/7
  4794 | D:4      | Found a staircase to the Ecumenical Temple.
  4821 | Temple   | Entered the Ecumenical Temple
  4904 | Temple   | Became a worshipper of Gozag Ym Sagoz the Greedy
  5459 | D:4      | Reached skill level 5 in Polearms
  5643 | D:5      | Noticed Grinder
  5656 | D:5      | Killed Grinder
  5656 | D:5      | Reached XP level 8. HP: 34/60 MP: 8/8
  5896 | D:5      | Noticed Pikel
  6003 | D:5      | Noticed Edmund
  6019 | D:5      | Killed Edmund
  6019 | D:5      | Reached skill level 5 in Armour
  6747 | D:4      | Killed Pikel
  6747 | D:4      | Reached XP level 9. HP: 15/66 MP: 9/9
  7586 | D:6      | Reached skill level 5 in Maces & Flails
  7885 | D:6      | Found a runed translucent door.
  7886 | D:6      | Noticed Crazy Yiuf
  7892 | D:6      | Killed Crazy Yiuf
  8872 | D:8      | Reached XP level 10. HP: 63/73 MP: 10/10
  8878 | D:8      | Noticed a two-headed ogre
  8923 | D:8      | Reached skill level 5 in Fighting
  9319 | D:8      | Found a glowing golden altar of the Shining One.
  9521 | D:8      | Found a stormy altar of Qazlal.
 10137 | D:9      | Found a staircase to the Orcish Mines.
 10146 | Orc:1    | Entered Level 1 of the Orcish Mines
 10146 | Orc:1    | Noticed an orc sorcerer
 10173 | D:10     | Entered Level 10 of the Dungeon
 10567 | D:9      | Noticed a komodo dragon
 10613 | D:9      | Killed a komodo dragon
 10703 | D:9      | Killed a two-headed ogre
 10703 | D:9      | Reached XP level 11. HP: 21/81 MP: 11/11
 11018 | D:9      | Reached skill level 10 in Maces & Flails
 11350 | D:8      | Found a radiant altar of Vehumet.
 11350 | D:8      | Found an ancient bone altar of Kikubaaqudgha.
 11352 | D:8      | Found a shimmering blue altar of Sif Muna.
 11357 | D:8      | Identified Vehumet's Grimoire of Battle Magic
 11389 | D:8      | Reached skill level 10 in Shields
 11661 | D:8      | Found a white marble altar of Elyvilon.
 12132 | D:9      | Found a staircase to the Lair.
 12211 | D:10     | Noticed a two-headed ogre
 12225 | D:10     | Killed a two-headed ogre
 12253 | D:10     | Noticed Fannar
 12343 | D:10     | Killed Fannar
 13119 | D:10     | Found Horaphui's Book Shoppe.
 13428 | D:11     | Noticed a four-headed hydra
 13879 | D:11     | Reached XP level 12. HP: 59/89 MP: 12/12
 13887 | D:11     | Killed a four-headed hydra
 14921 | Orc:1    | Noticed a soul eater
 14951 | D:9      | Slain by an orc knight

Levels and vault maps discovered:
D:1:      dpeg_arrival_circle_labyrinth_c, layout_loops_corners,
          minmay_misc_feat_alley, minmay_cupped
D:2:      layout_basic, serial_co_window_serial, co_window_cross_1,
          co_window_of_opportunity_a, co_window_paths_a, co_window_corner_a,
          co_window_of_opportunity_a, co_window_corner_b, co_window_cross_2,
          co_window_corner_b, glass_columns_c, glass_columns_a, glass_columns_a,
          glass_columns_c, glass_columns_a, first_ration,
          kennysheep_generic_room_5
D:3:      layout_rooms, zin_academy, portal_sewer_entry_f, elyvilon_altar_5
D:4:      layout_basic, minmay_temple_entry_glassed_door,
          minmay_misc_feat_ornament
D:5:      layout_cave_pods, minmay_splitting_lines,
          hangedman_decor_diamond_cutter, uniq_edmund, uniq_pikel, uniq_grinder
D:6:      minmay_spotlight, layout_basic, due_unseen_surprise,
          uniq_crazy_yiuf_cottage
D:7:      layout_cave_pools
D:8:      layout_loops_corners, grunt_temple_overflow_magic_moments,
          chequers_temple_overflow_statue_of_worship,
          nicolae_tso_besieged_by_evil, david_nohive_1
D:9:      layout_basic, david_lair_shrubbed, hiddenorc1_lemuel
D:10:     layout_roguey, serial_shops, nicolae_shop_window_shopping, uniq_fannar
D:11:     layout_rooms, serial_ice, serial_ice_j, serial_ice_c, serial_ice_m,
          serial_ice_b, serial_ice_a, serial_ice_n, nicolae_two_hexagons,
          lemuel_nasty_fountain
D:12:     layout_irregular_city, hangedman_cracks_in_the_wall
Temple:   regret_index_temple_generic_petals
Orc:1:    layout_caves, nicolae_orc_sculptors_studio

Skill      XL: |  1  2  3  4  5  6  7  8  9 10 11 |
---------------+----------------------------------+-----
Shields        | 4 5 6 7 8 9 11 | 11.7
Polearms       | 3 4 5 6 |  6.4
Armour         | 4 5 6 7 |  7.5
Dodging        | 1 2 |  2.1
Fighting       | 4 5 6 |  6.8
Maces & Flails | 3 6 9 11 | 11.9
Stealth        | 2 |  2.9

Action                   |  1- 3 |  4- 6 |  7- 9 | 10-12 || total
-------------------------+-------+-------+-------+-------++-------
Melee: Trident           |    89 |   317 |   145 |       ||   551
       Dire flail        |       |       |   141 |   555 ||   696
Throw: Dart              |       |       |       |     1 ||     1
 Abil: Dig               |       |    14 |       |       ||    14
Evoke: Wand              |       |       |     1 |       ||     1
  Use: Scroll            |     7 |     2 |     5 |     7 ||    21
       Potion            |       |       |     3 |     3 ||     6
 Stab: Distracted        |       |       |       |     4 ||     4
  Eat: Chunk             |     1 |     9 |     1 |       ||    11
       Ration            |       |     3 |     4 |     6 ||    13
Armor: Scale mail        |    27 |    86 |    66 |       ||   179
       Plate armour      |       |       |    12 |   165 ||   177
Dodge: Dodged            |    21 |    85 |    69 |   121 ||   296
       Deflected         |       |       |       |     1 ||     1
Block: Shield            |    51 |   187 |   149 |   366 ||   753

Table legend:
 A = Non-vault XP
 B = Vault XP
 C = Vault XP percentage of total XP
 D = Non-vault monster count
 E = Vault monster count
 F = Vault count percentage of total count
                 A         B        C        D         E       F
            +---------+---------+-------+---------+---------+-------
      Total |   11456 |    6466 |  36.1 |     204 |     124 |  37.8
            +---------+---------+-------+---------+---------+-------
        D:1 |      31 |       8 |  20.5 |      13 |       4 |  23.5
        D:2 |      53 |      16 |  23.2 |      26 |       3 |  10.3
        D:3 |      68 |      11 |  13.9 |      18 |       4 |  18.2
        D:4 |     210 |     607 |  74.3 |      10 |       1 |   9.1
        D:5 |     268 |     443 |  62.3 |      13 |       2 |  13.3
        D:6 |     892 |     236 |  20.9 |      20 |       5 |  20.0
        D:7 |     666 |      61 |   8.4 |      14 |       1 |   6.7
        D:8 |    1592 |    1045 |  39.6 |      22 |      19 |  46.3
        D:9 |    3119 |     767 |  19.7 |      36 |      21 |  36.8
       D:10 |    3084 |    1355 |  30.5 |      25 |       3 |  10.7
       D:11 |    1473 |    1592 |  51.9 |       7 |      13 |  65.0
      Sewer |       0 |     325 | 100.0 |       0 |      48 | 100.0
            +---------+---------+-------+---------+---------+-------
